[Event "Early-Titled-Tuesday-Blitz-April-02-2024"]
[Site "Chess.com"]
[Date "2024.04.02"]
[Round "7"]
[White "lefonghua"]
[Black "AccioChess"]
[Result "1-0"]
[WhiteElo "2609"]
[BlackElo "2459"]
[TimeControl "180+1"]
[EndTime "9:16:35 PDT"]
[Termination "lefonghua won by resignation"]

1. e4 c5 2. b4 cxb4 3. a3 bxa3 4. Nxa3 e6 5. Nf3 d5 6. e5 Nc6 7. c3 Nge7 8. d4 Nf5 9. g4 Nh4 10. Nxh4 Qxh4 11. Nb5 Qd8 12. Bd3 Be7 13. Ba3 O-O 14. O-O Bxa3 15. Rxa3 f6 16. f4 fxe5 17. fxe5 Rxf1+ 18. Qxf1 Bd7 19. Nd6 Qf8 20. Qh3 g6 21. Ra1 Qe7 22. Rf1 Rf8 23. Rxf8+ Qxf8 24. Nxb7 Qa3 25.
Nc5 Bc8 26. Bf1 Nxe5 27. Qg3 Nf7 28. Qb8 Qxc3 29. Qxc8+ Kg7 30. Nxe6+ Kf6 31. Qxc3 1-0

[Event "Early-Titled-Tuesday-Blitz-April-02-2024"]
[Site "Chess.com"]
[Date "2024.04.02"]
[Round "7"]
[White "vangulio"]
[Black "Mikhail_Bryakin"]
[Result "1-0"]
[WhiteElo "2565"]
[BlackElo "2867"]
[TimeControl "180+1"]
[EndTime "9:16:36 PDT"]
[Termination "vangulio won by resignation"]

1. e4 g6 2. d4 Bg7 3. Nc3 d6 4.
Be3 Nd7 5. f4 c5 6. Nf3 a6 7.
Bd3 Ngf6 8. h3 O-O 9. e5 Nh5 10. g4 cxd4 11. Nxd4 dxe5 12. fxe5 Ng3 13. Rg1 Bxe5 14.
Qf3 Nc5 15. O-O-O Bxd4 16. Bxd4 Qxd4 17. Bxg6 Qf6 18. Bf5 Nxf5 19. gxf5+ Kh8 20. Nd5 Qh6+ 21. Kb1 Nd7 22. Nxe7 Nf6 23. Qc3 Be6 24. fxe6 fxe6 25. Rdf1 Rf7 26. Ng6+ hxg6 27. Rxf6 Rxf6 28. Qxf6+ Kh7 29.
Qxe6 Rg8 30. a3 Rg7 31. Rf1 g5 32. Qxh6+ Kxh6 33. Rg1 Kh5 34. Rg4 Re7 35. Rb4 b5 36.
a4 Re5 37. axb5 Rxb5 38. Rxb5 axb5 39. b3 Kh4 40. c4 Kxh3 41. c5 g4 42. c6 g3 43. c7 g2 44. c8=Q+ Kg3 45. Qc3+ Kf2 46. Qc5+ Kf3 47. Qxb5 g1=Q+ 48. Kb2 Qf2+ 49. Ka3 Qa7+ 50. Qa4 Qc5+ 51. Qb4 Qa7+ 52. Kb2 Ke2 53. Qc4+ Kd2 54. b4 Qg7+ 55. Kb3 Qg3+ 56. Ka4 Qb8 57. b5 Qb6 58.
Qd5+ Ke3 59. Qc6 Qa7+ 60. Kb4 Kd4 61. Qc4+ Ke3 62. Qc5+ Kd3 1-0

[Event "Early-Titled-Tuesday-Blitz-April-02-2024"]
[Site "Chess.com"]
[Date "2024.04.02"]
[Round "7"]
[White "DeArron_Fox"]
[Black "SahibSinghKnight"]
[Result "0-1"]
[WhiteElo "2502"]
[BlackElo "2602"]
[TimeControl "180+1"]
[EndTime "9:16:37 PDT"]
[Termination "SahibSinghKnight won on time"]

1. d4 e6 2. c4 d5 3. Nc3 c6 4. e3 Nf6 5. Nf3 Bd6 6. Bd3 dxc4 7. Bxc4 b5 8. Bd3 Bb7 9. e4 Bb4 10. O-O Nbd7 11. e5 Nd5 12. Nxd5 exd5 13. Ng5 Nf8 14.
f4 h6 15. Nf3 Ba5 16. f5 Bb6 17. Kh1 Qc7 18. a4 b4 19. e6 fxe6 20. fxe6 O-O-O 21. a5 Bxa5 22. e7 Re8 23. exf8=Q Rhxf8 24. Ne5 Bb6 25. Be3 Rxf1+ 26. Qxf1 Rxe5 27. dxe5 Bxe3 28. Qf8+ Qd8 29. Bf5+ Kc7 30. Qxg7+ Kb6 31. e6 Bg5 32. Qd4+ c5 33. Qe5 Bf6 34. Qf4 d4 35. Qxh6 Qd5 36. Bh3 Be7 37. Qh7 Qd6 38. Qd3 a5 39. Rf1 Ba6 40.
Qd1 Bxf1 41. Qxf1 d3 42. Bf5 d2 43. Qd1 Qe5 44. Bc2 Qe1+ 0-1

[Event "Early-Titled-Tuesday-Blitz-April-02-2024"]
[Site "Chess.com"]
[Date "2024.04.02"]
[Round "7"]
[White "Bob_2004"]
[Black "GlavkonVVS"]
[Result "0-1"]
[WhiteElo "2355"]
[BlackElo "2640"]
[TimeControl "180+1"]
[EndTime "9:16:38 PDT"]
[Termination "GlavkonVVS won on time"]

1. d4 Nf6 2. c4 c5 3. d5 e6 4. Nc3 exd5 5. cxd5 d6 6. e4 g6 7. f4 Bg7 8. e5 Nfd7 9. Ne4 dxe5 10.
Nd6+ Kf8 11. Nf3 h6 12. Be2 exf4 13. O-O g5 14. Nf5 Nf6 15. Nxg7 Kxg7 16. d6 Nc6 17. b3 Ne4 18. Bb2+ f6 19. Qd5 Re8 20. Bc4 Nxd6 21. Rad1 Nxc4 22. Qxc4 Qb6 23. h4 Be6 24. Qc3 Nd4 25.
hxg5 hxg5 26. Nxd4 cxd4 27. Rxd4 Rac8 0-1

[Event "Early-Titled-Tuesday-Blitz-April-02-2024"]
[Site "Chess.com"]
[Date "2024.04.02"]
[Round "7"]
[White "ansko1999"]
[Black "BashiqChess"]
[Result "0-1"]
[WhiteElo "2632"]
[BlackElo "2500"]
[TimeControl "180+1"]
[EndTime "9:16:41 PDT"]
[Termination "BashiqChess won by checkmate"]

1. c4 e6 2. Nf3 d5 3. g3 dxc4 4. Qa4+ Nd7 5. Qxc4 a6 6. Qc2 b5 7. Bg2 Bb7 8. O-O Ngf6 9. Nc3 c5 10. a4 Qb6 11. d3 Be7 12. Be3 O-O 13. b4 Ng4 14.
Bxc5 Nxc5 15. bxc5 Bxc5 16. d4 Bxd4 17. axb5 Bxf2+ 18.
Kh1 Ne3 19. Qd3 Nxf1 20. Rxf1 Bxf3 21. Qxf3 Bd4 22. bxa6 Bxc3 23. Qxc3 Rxa6 24. Be4 f5 25. Bd3 Qc6+ 26. Qxc6 Rxc6 27. Kg2 Rd6 28. Ra1 Rfd8 29. Ra5 Kf7 30. Kf3 g6 31. h4 Kf6 32. g4 fxg4+ 33. Kxg4 Rd4+ 34. Kg3 h5 35. Rg5 Rxd3+ 36. exd3 Rxd3+ 37. Kg2 Rd2+ 38. Kg3 Rd5 39. Kf4 Rf5+ 40. Rxf5+ gxf5 41. Kf3 e5 42. Ke3 f4+ 43. Ke4 Ke6 44.
Kf3 Kf5 45. Kg2 e4 46. Kh3 e3 47. Kg2 Kg4 48. Kf1 f3 49. Kg1 Kxh4 50. Kf1 Kg3 51. Kg1 e2 52. Kh1 e1=Q# 0-1

[Event "Early-Titled-Tuesday-Blitz-April-02-2024"]
[Site "Chess.com"]
[Date "2024.04.02"]
[Round "7"]
[White "MasterKroket"]
[Black "MNyuyu"]
[Result "1-0"]
[WhiteElo "2565"]
[BlackElo "2393"]
[TimeControl "180+1"]
[EndTime "9:16:42 PDT"]
[Termination "MasterKroket won by resignation"]

1. e4 d5 2. exd5 Qxd5 3. Nc3 Qd8 4. d4 c6 5. Nf3 Bg4 6. Be2 e6 7. O-O Nf6 8. a4 Nbd7 9. a5 a6 10. Ne5 Bxe2 11. Qxe2 Bb4 12. Bg5 Qc7 13. Nxd7 Nxd7 14. d5 cxd5 15. Nxd5 Qc5 16. Be7 Qxd5 17. Bxb4 O-O-O 18. Rfd1 Qc6 19. Ra3 Kb8 20. Bd6+ Ka8 21. Rc3 Qa4 22. Bc7 Rc8 23. h3 Nf6 24. Rd6 Rxc7 25. Rxc7 Nd5 26. Rxf7 Qxa5 27. Rdd7 Rb8 28. Rxg7 Qa1+ 29.
Kh2 Qxb2 30. Qxa6+ 1-0

[Event "Early-Titled-Tuesday-Blitz-April-02-2024"]
[Site "Chess.com"]
[Date "2024.04.02"]
[Round "7"]
[White "emeli_chess"]
[Black "ExtremeLearner"]
[Result "1-0"]
[WhiteElo "2425"]
[BlackElo "2549"]
[TimeControl "180+1"]
[EndTime "9:16:45 PDT"]
[Termination "emeli_chess won by resignation"]

1. d4 Nf6 2. c4 c5 3. d5 b5 4.
cxb5 a6 5. b6 d6 6. Nc3 Nbd7 7.
a4 Nxb6 8. a5 Nbd7 9. e4 g6 10.
Nf3 Bg7 11. Be2 O-O 12. O-O Ne8 13. Nd2 Nc7 14. Nc4 Nb5 15. Na4 Rb8 16. Bd2 Nd4 17. Ra3 Ne5 18. Ncb6 f5 19. exf5 Bxf5 20. Bxa6 Bc2 21.
Qc1 e6 22. Bc3 Ndf3+ 23. Kh1 Qh4 24. h3 Be4 25. dxe6 Ng4 26. Bxg7 Kxg7 27. Nd7 Nxf2+ 28. Rxf2 Qxf2 29. Nxf8 Rxb2 30. Qxb2+ Qxb2 31. Nxb2 1-0

[Event "Early-Titled-Tuesday-Blitz-April-02-2024"]
[Site "Chess.com"]
[Date "2024.04.02"]
[Round "7"]
[White "IsmaelAmadorGarcia"]
[Black "Happy1712Drummer"]
[Result "1-0"]
[WhiteElo "2365"]
[BlackElo "2472"]
[TimeControl "180+1"]
[EndTime "9:16:46 PDT"]
[Termination "IsmaelAmadorGarcia won on time"]

1. e4 c5 2. Nf3 e6 3. Nc3 Nc6 4. Be2 d5 5. exd5 exd5 6. d4 cxd4 7. Nxd4 Nf6 8. O-O Be7 9. Be3 O-O 10. Bf3 Re8 11.
Re1 a6 12. h3 Ne5 13. Be2 Bd6 14. Bg5 Be6 15. Nxe6 fxe6 16. Qd4 h6 17. Be3 Nc6 18. Qh4 e5 19. Rad1 d4 20. Bxh6 gxh6 21. Qxh6 b5 22. Bf3 Ra7 23. Nd5 Rf8 24. Nxf6+ Qxf6 25. Bd5+ Rff7 26.
Qxf6 1-0

[Event "Early-Titled-Tuesday-Blitz-April-02-2024"]
[Site "Chess.com"]
[Date "2024.04.02"]
[Round "7"]
[White "PapaieDudu"]
[Black "Yushko_Olga"]
[Result "0-1"]
[WhiteElo "2376"]
[BlackElo "2256"]
[TimeControl "180+1"]
[EndTime "9:16:46 PDT"]
[Termination "Yushko_Olga won by checkmate"]

1. Nf3 d5 2. d4 e6 3. c4 Nf6 4. Nc3 c5 5. Bg5 Nbd7 6. e3 Be7 7. Bd3 dxc4 8. Bxc4 cxd4 9. Nxd4 O-O 10. O-O Qc7 11. Bb3 Nc5 12. Bc2 e5 13. Nf5 Bxf5 14. Bxf5 Rad8 15. Qc2 g6 16. Bh3 b6 17. Rac1 Qb7 18.
Rfd1 Kg7 19. Rxd8 Rxd8 20. Rd1 Rxd1+ 21. Qxd1 Nfe4 22. Bxe7 Qxe7 23. Nd5 Qd6 24. b4 Na6 25. Qd3 Nf6 26. Qxa6 Nxd5 27. g3 Nxb4 28. Qxa7 Qd1+ 29.
Bf1 Nd5 30. e4 Nf6 31. Qxb6 Nxe4 32. Qe3 f5 33. Kg2 Qd2 34. Qa7+ Kh6 35. Bc4 f4 36. Bg8 Nf6 37. Be6 Qe2 38. Qb7 Ne4 39. Qa7 f3+ 40. Kh3 Nxf2+ 41. Kh4 g5# 0-1

[Event "Early-Titled-Tuesday-Blitz-April-02-2024"]
[Site "Chess.com"]
[Date "2024.04.02"]
[Round "7"]
[White "Sanan_Sjugirov"]
[Black "vovachesss"]
[Result "1-0"]
[WhiteElo "2995"]
[BlackElo "2825"]
[TimeControl "180+1"]
[EndTime "9:16:47 PDT"]
[Termination "Sanan_Sjugirov won by resignation"]

1. d4 d6 2. e4 Nf6 3. Nc3 Nbd7 4. Nf3 e5 5. Bc4 Be7 6. O-O O-O 7. Re1 c6 8. a4 a5 9. h3 Qc7 10. Be3 Nb6 11. Ba2 Nfd7 12. d5 Nc5 13. Bxc5 dxc5 14. Qd3 Rd8 15. Nd2 Bd7 16. Nc4 Nxc4 17. Bxc4 Be8 18.
Qf3 Rd6 19. dxc6 bxc6 20. Ne2 Rf6 21. Qc3 Rb8 22. Ng3 g6 23. Rad1 Rf4 24. Re2 h5 25. b3 h4 26. Nf1 Rf6 27. Nh2 Rd6 28.
Rf1 Bf6 29. Qe3 Qa7 30. Ng4 Bg7 31. f4 exf4 32. Qxf4 Rbd8 33. e5 Rd4 34. Qg5 Qc7 35.
e6 Rxc4 36. bxc4 f5 37. Nf6+ Bxf6 38. Qxf6 Rd4 39. e7 Qg3 40. Qf8+ Kh7 41. Qxe8 1-0

[Event "Early-Titled-Tuesday-Blitz-April-02-2024"]
[Site "Chess.com"]
[Date "2024.04.02"]
[Round "7"]
[White "viviania"]
[Black "Al_Shima"]
[Result "1-0"]
[WhiteElo "2901"]
[BlackElo "2495"]
[TimeControl "180+1"]
[EndTime "9:16:47 PDT"]
[Termination "viviania won on time"]

1. Nf3 d5 2. g3 g6 3. Bg2 Bg7 4.
d4 Nf6 5. c4 e6 6. Nc3 O-O 7. O-O b6 8. cxd5 exd5 9. Bf4 Bb7 10.
Rc1 c6 11. Ne5 Nbd7 12. e4 Rc8 13. Nxd7 Qxd7 14. e5 Nh5 15. Be3 f5 16. Ne2 Rce8 17.
Bf3 Qf7 18. Bxh5 gxh5 19. Nf4 c5 20. Re1 h4 21. e6 Qe7 22. dxc5 d4 23. Bd2 bxc5 24. b4 cxb4 25. Qa4 a5 26. Qxa5 Qf6 27. Bxb4 1-0

[Event "Early-Titled-Tuesday-Blitz-April-02-2024"]
[Site "Chess.com"]
[Date "2024.04.02"]
[Round "7"]
[White "Kostya0705"]
[Black "Josgar05"]
[Result "1-0"]
[WhiteElo "2559"]
[BlackElo "2355"]
[TimeControl "180+1"]
[EndTime "9:16:47 PDT"]
[Termination "Kostya0705 won by checkmate"]

1. e4 g6 2. d4 Bg7 3. Nc3 c6 4.
Nf3 d5 5. e5 Nh6 6. Bf4 Nf5 7.
Qd2 O-O 8. O-O-O f6 9. exf6 Bxf6 10. Ne5 Nd7 11. g4 Nd6 12. Bd3 Nf7 13. Rde1 b5 14.
h4 Ndxe5 15. dxe5 Bg7 16. e6 Nd6 17. h5 b4 18. Nd1 Qa5 19. Kb1 g5 20. Bxd6 exd6 21.
e7 Re8 22. Bxh7+ Kxh7 23. Qd3+ Kh8 24. Qg6 Bxg4 25. h6 Bd4 26. Qxg5 Bxd1 27. Rxd1 Qc5 28. Rh4 Be5 29. f4 Qe3 30. Rg4 Bd4 31. h7 b3 32.
Qg8+ Rxg8 33. hxg8=Q+ Rxg8 34. Rh1+ Qh3 35. Rxh3# 1-0

[Event "Early-Titled-Tuesday-Blitz-April-02-2024"]
[Site "Chess.com"]
[Date "2024.04.02"]
[Round "7"]
[White "chessdjw"]
[Black "ketster"]
[Result "1-0"]
[WhiteElo "2799"]
[BlackElo "2611"]
[TimeControl "180+1"]
[EndTime "9:16:49 PDT"]
[Termination "chessdjw won on time"]

1. d4 e6 2. Nf3 Nf6 3. c4 b6 4.
a3 Ba6 5. Qc2 Bb7 6. Nc3 c5 7.
e4 cxd4 8. Nxd4 Bc5 9. Nf3 Ng4 10. Bg5 f6 11. Bh4 Nc6 12. Be2 a5 13. Rd1 O-O 14. O-O Qe8 15. Nb5 Qe7 16. Bg3 Nge5 17. Kh1 Rad8 18.
Ne1 g5 19. Nd3 d6 20. f4 gxf4 21. Nxf4 Kh8 22. Bh4 Ng6 23. Nxg6+ hxg6 24. Qc3 Ne5 25. b4 axb4 26. axb4 Bxe4 27. bxc5 bxc5 28. Nxd6 Rxd6 29. Qxe5 Rxd1 30. Rxd1 Bxg2+ 31. Kxg2 Qb7+ 32. Bf3 Qxf3+ 33. Kxf3 fxe5+ 34. Kg4 Rf4+ 35. Kg5 Rxc4 36. Kxg6 Rg4+ 37. Bg5 Rd4 38. Ra1 1-0

[Event "Early-Titled-Tuesday-Blitz-April-02-2024"]
[Site "Chess.com"]
[Date "2024.04.02"]
[Round "7"]
[White "WCM-Mexicana"]
[Black "whiteglovethief"]
[Result "0-1"]
[WhiteElo "2326"]
[BlackElo "2562"]
[TimeControl "180+1"]
[EndTime "9:16:51 PDT"]
[Termination "whiteglovethief won by resignation"]

1. d4 Nf6 2. c4 c5 3. e3 cxd4 4. exd4 d5 5. Nf3 Nc6 6. Nc3 Bg4 7. Be3 e6 8. Qb3 Bb4 9. Be2 O-O 10. O-O dxc4 11. Qxc4 Rc8 12. Qb3 Qa5 13. h3 Bxf3 14. Bxf3 Rfd8 15. Rfd1 b6 16. Rac1 Ne7 17. a3 Bxc3 18.
Rxc3 Rxc3 19. Qxc3 Qxc3 20. bxc3 Rc8 21. Rc1 b5 22.
Bb7 Rc7 23. Ba6 Ned5 24. Bxb5 Rxc3 25. Rxc3 Nxc3 26. Bc6 Ncd5 27. Bd2 Ne4 28. Be1 Kf8 29. f3 Nef6 30. Kf2 Ke7 31. Ke2 Nf4+ 32. Kf2 Nd3+ 33.
Ke2 Nxe1 34. Kxe1 Kd6 35. Be4 h6 36. Kd2 Nd7 37. Kc3 f5 38. Bd3 f4 39. h4 Nf6 40.
Be4 g5 41. hxg5 hxg5 42. Kc4 g4 43. a4 Nxe4 44. fxe4 f3 45. gxf3 g3 46. e5+ Ke7 0-1

[Event "Early-Titled-Tuesday-Blitz-April-02-2024"]
[Site "Chess.com"]
[Date "2024.04.02"]
[Round "7"]
[White "DanielSaiz01"]
[Black "Misterfox120"]
[Result "1-0"]
[WhiteElo "2288"]
[BlackElo "2396"]
[TimeControl "180+1"]
[EndTime "9:16:52 PDT"]
[Termination "DanielSaiz01 won on time"]

1. d4 Nf6 2. c4 e6 3. Nf3 b6 4. g3 Bb7 5. Bg2 Be7 6. O-O O-O 7.
Nc3 Ne4 8. Qc2 Nxc3 9. Qxc3 Bf6 10. b3 c5 11. e3 Nc6 12. Bb2 d5 13. Rfd1 dxc4 14.
Qxc4 Qc7 15. Rac1 Rac8 16. Qe2 cxd4 17. exd4 Qb8 18. d5 exd5 19. Bxf6 gxf6 20. Nh4 Ne5 21.
Nf5 Rxc1 22. Rxc1 Kh8 23. Qh5 Rc8 24. Re1 Qc7 25. Qh6 1-0

[Event "Early-Titled-Tuesday-Blitz-April-02-2024"]
[Site "Chess.com"]
[Date "2024.04.02"]
[Round "7"]
[White "manitodeplomo"]
[Black "ActorXu"]
[Result "0-1"]
[WhiteElo "2660"]
[BlackElo "2844"]
[TimeControl "180+1"]
[EndTime "9:16:55 PDT"]
[Termination "ActorXu won by resignation"]

1. d4 Nf6 2. c4 e6 3. Nf3 d5 4. Nc3 Bb4 5. Qa4+ Nc6 6. e3 O-O 7. Bd2 Re8 8. Rd1 Bd6 9. h3 a6 10. Bc1 Bd7 11. Qc2 dxc4 12. Bxc4 b5 13. Be2 e5 14.
O-O e4 15. Ng5 Bf5 16. Nxb5 axb5 17. Qxc6 h6 18. Qxb5 Bg6 19. Bc4 hxg5 20. Qxg5 Kf8 21. f3 exf3 22. Rxf3 Be4 23. Rf2 c6 24. Rdf1 Ra5 25.
Rxf6 Rxg5 26. Rxf7+ Kg8 27. Rf8+ Kh7 0-1

[Event "Early-Titled-Tuesday-Blitz-April-02-2024"]
[Site "Chess.com"]
[Date "2024.04.02"]
[Round "7"]
[White "margarita_2703"]
[Black "Actuary44"]
[Result "0-1"]
[WhiteElo "2326"]
[BlackElo "2512"]
[TimeControl "180+1"]
[EndTime "9:16:55 PDT"]
[Termination "Actuary44 won by resignation"]

1. h3 d6 2. e4 c5 3. Nf3 e5 4. Bc4 Nc6 5. c3 Be6 6. Na3 Nf6 7. d3 Be7 8. Bg5 O-O 9. Qe2 h6 10. Bxf6 Bxf6 11. O-O Qd7 12. Rfd1 Rad8 13. Nc2 d5 14.
exd5 Bxd5 15. Ne3 Be6 16. Nd2 Be7 17. Bxe6 Qxe6 18. Nec4 f5 19. Nf3 Bf6 20. Re1 b5 21. Na3 a6 22. Nc2 Rfe8 23. b3 e4 24. dxe4 fxe4 25.
Rad1 Rxd1 26. Qxd1 Bxc3 27. Nd2 Rd8 28. Re2 Qd6 29.
Ne3 Bxd2 30. Nf5 Qf4 31. Ng3 e3 32. fxe3 Bxe3+ 33. Kh2 0-1

[Event "Early-Titled-Tuesday-Blitz-April-02-2024"]
[Site "Chess.com"]
[Date "2024.04.02"]
[Round "7"]
[White "djano"]
[Black "Caracal3000"]
[Result "1-0"]
[WhiteElo "2662"]
[BlackElo "2537"]
[TimeControl "180+1"]
[EndTime "9:16:58 PDT"]
[Termination "djano won on time"]

1. e4 e5 2. d4 d6 3. f4 exf4 4. Bxf4 g6 5. Nc3 Bg7 6. Nf3 Ne7 7. Qd2 Nd7 8. Bh6 O-O 9. O-O-O Nf6 10. Bd3 c5 11. Bxg7 Kxg7 12. e5 dxe5 13. dxe5 Nfd5 14. Be4 Nxc3 15. Qxc3 Qc7 16. Ng5 Be6 17. Rd6 Qc8 18. Rhd1 Kg8 19. Nxe6 fxe6 20. Rd7 Nd5 21. R1xd5 exd5 22. e6 Rf1+ 23. Kd2 Qf8 24. Bf3 d4 25. Qc4 Kh8 26.
Qxf1 Qf4+ 27. Kd1 Re8 28. e7 Qf5 29. Rd8 Qf7 30. Qb5 1-0

[Event "Early-Titled-Tuesday-Blitz-April-02-2024"]
[Site "Chess.com"]
[Date "2024.04.02"]
[Round "7"]
[White "Oleksandr_Bortnyk"]
[Black "GodzillaChessYoutube"]
[Result "1-0"]
[WhiteElo "3030"]
[BlackElo "2703"]
[TimeControl "180+1"]
[EndTime "9:17:00 PDT"]
[Termination "Oleksandr_Bortnyk won by checkmate"]

1. e4 e5 2. Bb5 a6 3. Ba4 b5 4.
Bb3 Nf6 5. Nf3 Nxe4 6. Bd5 Nxf2 7. Kxf2 c6 8. Bb3 Bc5+ 9. d4 exd4 10. Re1+ Kf8 11.
Bg5 f6 12. Bf4 d3+ 13. Kf1 g5 14. Bg3 dxc2 15. Qxc2 Bb4 16. Nc3 d5 17. a3 Bd6 18.
Bxd6+ Qxd6 19. Nxd5 g4 20. Qe4 cxd5 21. Qe8+ Kg7 22. Re7+ Kh6 23. Qf7 gxf3 24. Qg7+ Kh5 25. Bd1 Bg4 26. gxf3 Bh3+ 27. Ke1 Qf4 28. Qxh8 Qh4+ 29.
Ke2 Qc4+ 30. Kf2 Qc5+ 31. Re3 Qc7 32. f4+ Kg6 33. Qg8+ Kf5 34. Qe6+ Kg6 35. Rg3+ Kh6 36. Qxh3# 1-0

[Event "Early-Titled-Tuesday-Blitz-April-02-2024"]
[Site "Chess.com"]
[Date "2024.04.02"]
[Round "7"]
[White "Djager97"]
[Black "kleber2007"]
[Result "1-0"]
[WhiteElo "2601"]
[BlackElo "2457"]
[TimeControl "180+1"]
[EndTime "9:17:00 PDT"]
[Termination "Djager97 won by checkmate"]

1. e4 c6 2. d4 d5 3. exd5 cxd5 4. Bd3 Nc6 5. c3 Nf6 6. h3 g6 7. Nf3 Bf5 8. Be2 e6 9. Bf4 Bd6 10. Bxd6 Qxd6 11. Nbd2 h6 12. Nf1 g5 13. Ne3 Be4 14. O-O O-O-O 15. b4 Kb8 16. b5 Na5 17. Qa4 b6 18.
Ne5 Rhf8 19. Nc6+ Nxc6 20. bxc6 Rc8 21. Bb5 Rc7 22. c4 dxc4 23. Nxc4 Qd5 24. Qb4 Rfc8 25. a4 Bxg2 26. Ne3 Qf3 27. Nxg2 Qxh3 28. Qd6 Ne4 29. Qh2 Qc3 30. a5 Qxd4 31. axb6 axb6 32. Ba6 Nd2 33. Bb7 Nf3+ 34. Kh1 Nxh2 35. Ra8# 1-0

[Event "Early-Titled-Tuesday-Blitz-April-02-2024"]
[Site "Chess.com"]
[Date "2024.04.02"]
[Round "7"]
[White "bazar-wokzal"]
[Black "Korchmar_Vasiliy"]
[Result "0-1"]
[WhiteElo "2557"]
[BlackElo "2733"]
[TimeControl "180+1"]
[EndTime "9:17:01 PDT"]
[Termination "Korchmar_Vasiliy won on time"]

1. e4 c5 2. c3 d5 3. exd5 Nf6 4. Bb5+ Nbd7 5. c4 a6 6. Bxd7+ Bxd7 7. Nf3 e6 8. dxe6 Bxe6 9. b3 Bd6 10. O-O Qc7 11. Bb2 O-O-O 12. h3 Rhg8 13. Qc2 Nh5 14. d4 g5 15. d5 Bd7 16. Qxh7 Nf4 17. Re1 g4 18. hxg4 Rxg4 19. Nh4 Nxg2 20. Nxg2 Rdg8 21. Qh3 Rxg2+ 22.
Qxg2 Rxg2+ 23. Kxg2 Qd8 24. Nc3 Qg5+ 25. Kf1 Qh5 26.
Re3 Bf4 27. Rd3 Bf5 28. Rad1 Bg4 29. f3 Qh3+ 30. Kf2 Qh2+ 0-1

[Event "Early-Titled-Tuesday-Blitz-April-02-2024"]
[Site "Chess.com"]
[Date "2024.04.02"]
[Round "7"]
[White "Chernov_Alexander_A"]
[Black "InitiatingASC"]
[Result "1/2-1/2"]
[WhiteElo "2217"]
[BlackElo "2342"]
[TimeControl "180+1"]
[EndTime "9:17:01 PDT"]
[Termination "Game drawn by repetition"]

1. d4 Nf6 2. Nf3 e6 3. c4 c5 4.
Nc3 cxd4 5. Nxd4 a6 6. g3 Be7 7. Bg2 O-O 8. O-O d6 9. b3 Nbd7 10. Bb2 Qc7 11. Rc1 Re8 12. Qd2 Nf8 13. Rfd1 Bd7 14. h3 Rad8 15. Kh2 Ng6 16. e4 Ne5 17. f4 Nc6 18. Nd5 exd5 19. cxd5 Qb6 20. dxc6 bxc6 21. Rc2 Bf8 22. Qd3 c5 23. Nf5 Bxf5 24. exf5 Nd7 25.
Bd5 Nb8 26. Qc4 Qc7 27. g4 Re3 28. Re2 Rde8 29. Rde1 Rxe2+ 30. Rxe2 Rxe2+ 31. Qxe2 Qe7 32. Qc4 Qe3 33. Bc1 Qf2+ 34. Kh1 Qe1+ 35. Kh2 Qf2+ 36. Kh1 Qe1+ 37. Kh2 Qf2+ 1/2-1/2

[Event "Early-Titled-Tuesday-Blitz-April-02-2024"]
[Site "Chess.com"]
[Date "2024.04.02"]
[Round "7"]
[White "wadsy27"]
[Black "francyIM"]
[Result "0-1"]
[WhiteElo "2617"]
[BlackElo "2803"]
[TimeControl "180+1"]
[EndTime "9:17:02 PDT"]
[Termination "francyIM won on time"]

1. Nf3 d5 2. g3 c6 3. Bg2 Bf5 4. c4 e6 5. Qb3 Qb6 6. d3 Nf6 7. Be3 Qb4+ 8. Nbd2 Nbd7 9. a3 Qxb3 10. Nxb3 a5 11. O-O h6 12. cxd5 exd5 13. Rac1 Be7 14. Bd2 a4 15. Na5 Ra7 16. Nd4 Bg6 17. e4 dxe4 18. dxe4 Bc5 19. Ndxc6 bxc6 20. Nxc6 Rc7 21. e5 Ne4 22. Bxe4 Bxe4 23. Nb4 Nxe5 24. Bf4 f6 25.
Bxe5 fxe5 26. Na6 Bxf2+ 27. Kxf2 Rxc1 28. Rxc1 O-O+ 29. Ke3 Bd5 30. Rc5 Bb7 31. Nb4 Rf3+ 32. Ke2 Rb3 33. Rc2 Kh7 34. Na2 Ba6+ 35. Kf2 e4 36. Nc3 Bd3 37. Rd2 Kg6 38. Ke3 Kf5 39.
g4+ Kxg4 40. Nxe4 Bxe4+ 41. Kxe4 Kh3 42. Kd4 g5 43. Kc4 g4 0-1

[Event "Early-Titled-Tuesday-Blitz-April-02-2024"]
[Site "Chess.com"]
[Date "2024.04.02"]
[Round "7"]
[White "Hikaru"]
[Black "vladislavkovalev"]
[Result "1-0"]
[WhiteElo "3258"]
[BlackElo "2887"]
[TimeControl "180+1"]
[EndTime "9:17:03 PDT"]
[Termination "Hikaru won by resignation"]

1. d4 Nf6 2. Bg5 c5 3. d5 d6 4. c4 g6 5. Nc3 Bg7 6. e4 O-O 7. f3 e6 8. Qd2 exd5 9. cxd5 a6 10. a4 Re8 11. Nge2 Nbd7 12. Nc1 Ne5 13. Be2 h6 14.
Be3 h5 15. O-O Nh7 16. N1a2 Bd7 17. b4 cxb4 18. Nxb4 Rc8 19. Ra3 Nc4 20. Bxc4 Rxc4 21. Nba2 Qa5 22. Qf2 Rxc3 23. Bd2 Rec8 24. Nxc3 Rxc3 25.
Bxc3 Bxc3 26. Kh1 Qb4 27. Qa2 Qc5 28. Rc1 Ng5 29. Raxc3 Qf2 30. Qxf2 1-0

[Event "Early-Titled-Tuesday-Blitz-April-02-2024"]
[Site "Chess.com"]
[Date "2024.04.02"]
[Round "7"]
[White "FredddieCroderg"]
[Black "Predator0608"]
[Result "0-1"]
[WhiteElo "2358"]
[BlackElo "2563"]
[TimeControl "180+1"]
[EndTime "9:17:06 PDT"]
[Termination "Predator0608 won on time"]

1. d4 d5 2. c4 e6 3. Nc3 Nf6 4.
cxd5 exd5 5. Bg5 c6 6. e3 Be7 7. Bd3 h6 8. Bf4 Be6 9. h3 Nbd7 10. Nf3 Qb6 11. O-O Qxb2 12. Na4 Qa3 13. Rb1 b5 14.
Nb2 O-O 15. Ne5 Nxe5 16. dxe5 Nd7 17. Bc2 c5 18. Qh5 Rfc8 19. Bxh6 gxh6 20. Qxh6 Nf8 21. f4 Qxe3+ 22. Kh2 Qd2 23. Rbc1 Rc6 24. Rf3 Bg4 25. Qxc6 Bxf3 26. Rg1 Rd8 27. Kh1 Be4 28. Bxe4 dxe4 29. Nd1 e3 0-1

[Event "Early-Titled-Tuesday-Blitz-April-02-2024"]
[Site "Chess.com"]
[Date "2024.04.02"]
[Round "7"]
[White "dosto07"]
[Black "trriinu"]
[Result "1-0"]
[WhiteElo "2451"]
[BlackElo "2289"]
[TimeControl "180+1"]
[EndTime "9:17:06 PDT"]
[Termination "dosto07 won by checkmate"]

1. e4 d5 2. exd5 Qxd5 3. Nc3 Qd6 4. d4 Nf6 5. Nf3 Nc6 6. Nb5 Qd8 7. c4 a6 8. Nc3 Bg4 9. Be3 e6 10. Be2 Bb4 11. O-O O-O 12. Qb3 Qe7 13. a3 Bxc3 14.
bxc3 Rab8 15. Bg5 h6 16. Bh4 g5 17. Bg3 Ne4 18. Qc2 f5 19. Be5 Bxf3 20. Bxf3 Nxe5 21. Bxe4 Nxc4 22. Bd3 Nd6 23. Rfe1 Qf6 24. c4 Qxd4 25. Rad1 Qf6 26. c5 Nf7 27. Bc4 e5 28. Rd7 Kh8 29.
Rxc7 Nd8 30. g4 Ne6 31. Rd7 Nd4 32. Rxd4 exd4 33. Re6 Qg7 34. gxf5 Rf6 35. Qe4 Rbf8 36. Re7 R8f7 37. Bxf7 Rxf7 38. Re8+ Kh7 39. f6+ Qg6 40. Rh8+ Kxh8 41. Qxg6 Rh7 42. Qe8# 1-0

[Event "Early-Titled-Tuesday-Blitz-April-02-2024"]
[Site "Chess.com"]
[Date "2024.04.02"]
[Round "7"]
[White "lilleper1"]
[Black "blitzking1729"]
[Result "1-0"]
[WhiteElo "2918"]
[BlackElo "2774"]
[TimeControl "180+1"]
[EndTime "9:17:09 PDT"]
[Termination "lilleper1 won by resignation"]

1. e4 e5 2. Nf3 Nc6 3. Bb5 a6 4. Ba4 Nf6 5. d3 d6 6. c3 Bd7 7. O-O g6 8. Re1 Bg7 9. h3 O-O 10. Bc2 h6 11. Nbd2 Nh5 12. Nf1 Nf4 13. d4 Qf6 14. dxe5 Nxe5 15. Nxe5 Qxe5 16. Ne3 Rfe8 17. Qf3 g5 18. g3 Nxh3+ 19. Kg2 h5 20. Qxh5 g4 21.
Qxe5 Rxe5 22. Nd5 Rae8 23. Nxc7 R8e7 24. Bf4 Nxf4+ 25. gxf4 Rh5 26. Nd5 Re8 27. Rad1 Bc6 28.
Nb4 Bf8 29. Kg3 Bd7 30. Nd5 Rh3+ 31. Kg2 Kg7 32. Ne3 f5 33. Nxf5+ Bxf5 34. exf5 Rxe1 35. Rxe1 Rf3 36. Be4 Rxf4 37. Kg3 1-0